 Dungeon Crawl Stone Soup version 0.29.1-2-gbd0b4ee654 (webtiles) character file.

Game seed: 291869196363465656

1217 GorkyZ the Trooper (level 8, -1/58 (60) HPs)
             Began as a Demonspawn Gladiator on Nov 19, 2022.
             Was an Initiate of Gozag.
             Slain by a wight
             ... wielding a +0 great sword
              (5 damage)
             ... on level 6 of the Dungeon.
             The game lasted 00:15:06 (4894 turns).

GorkyZ the Trooper (Demonspawn Gladiator)           Turns: 4894, Time: 00:15:07

HP:   -1/58 (60)    AC: 13    Str: 17    XL:     8   Next: 22%
MP:   8/8           EV:  8    Int: 10    God:    Gozag
Gold: 96            SH:  0    Dex: 14    Spells: 7/7 levels left

rFire   . . .      SeeInvis .   w - +1 whip (vamp)
rCold   . . .      Faith    .   (no shield)
rNeg    . . .      Spirit   .   o - +0 chain mail
rPois   .          Reflect  .   c - +0 helmet
rElec   .          Harm     .   (no cloak)
rCorr   .          Rampage  .   (no gloves)
Will    .....                   A - +0 pair of boots
Stlth   ..........              (no amulet)
HPRegen 0.19/turn               p - ring of flight
MPRegen 0.11/turn               (no ring)

@: gold aura, flying, lightly drained
A: yellow scales 1, powered by pain 1, spiny 2
a: Renounce Religion, Potion Petition, Call Merchant, Bribe Branch


You were on level 6 of the Dungeon.
You worshipped Gozag.
Gozag was noncommittal.
You visited 2 branches of the dungeon, and saw 7 of its levels.

You collected 235 gold pieces.
You spent 78 gold pieces at shops.
You paid 61 gold pieces to Gozag.

Inventory:

Hand Weapons
 a - a +0 war axe
 w - a +1 vampiric whip (weapon)
 x - a +0 giant club
Missiles
 d - 3 throwing nets (quivered)
 e - 4 javelins
Armour
 b - a +0 leather armour
 c - a +0 helmet (worn)
 g - a +0 ring mail
 o - a +0 chain mail (worn)
 A - a +0 pair of boots (worn)
 E - a +0 pair of gloves
Jewellery
 p - a ring of flight (left hand)
Wands
 s - a wand of charming (10)
 y - a wand of polymorph (9)
Scrolls
 f - a scroll of enchant armour
 h - 2 scrolls of vulnerability
 i - 3 scrolls of identify
 k - 3 scrolls of teleportation
 l - a scroll of immolation
 m - a scroll of poison
 C - a scroll of butterflies {unknown}
 D - a scroll of fear {unknown}
 G - a scroll of magic mapping {unknown}
Potions
 j - 2 potions of attraction
 n - a potion of lignification
 q - 2 potions of haste {unknown}
 r - a potion of degeneration {unknown}
 t - 3 potions of brilliance {unknown}
 u - a potion of might {unknown}
 v - a potion of mutation {unknown}
 z - 2 potions of curing {unknown}
 B - 2 potions of flight {unknown}
 F - a potion of heal wounds {unknown}


   Skills:
 + Level 4.3 Fighting
 - Level 4.0(4.2) Axes
 + Level 1.9(3.2) Maces & Flails
 + Level 3.9 Throwing
 + Level 3.3 Armour
 - Level 2.6 Dodging
 + Level 3.4 Shields
 + Level 3.8 Evocations


You had 7 spell levels left.
You didn't know any spells.
Your spell library was empty.

Dungeon Overview and Level Annotations

Branches:
Dungeon (6/15)             Temple (1/1) D:4

Altars:
Cheibriados
Gozag
Hepliaklqana
Kikubaaqudgha
Nemelex Xobeh
Okawaru
Sif Muna
Trog
Vehumet
Wu Jian
Xom
Yredelemnul

Shops:
D:3 :!*(=   D:5 :


Innate Abilities, Weirdness & Mutations

You are partially covered in yellow scales. (AC +2)
You sometimes gain a little power by taking damage.
You are mostly covered in sharp spines.


Message History

You hit the wight.
The wight is lightly damaged.
The wight is struck by your spines. The wight hits you with a +4 flail!
The wight closely misses you.
You hit the wight.
The wight is severely damaged.
The wight is struck by your spines. The wight barely misses you. x2
You barely miss the wight.
The wight is severely damaged.
The wight hits you but does no damage. The wight barely misses you.
You barely miss the wight. You punch the wight, but do no damage.
The wight is severely damaged.
The wight is struck by your spines. The wight hits you with a +4 flail!
The wight hits you with a +0 great sword!
You feel drained.
* * * LOW HITPOINT WARNING * * *
You are too injured to fight recklessly!
You are too injured to fight recklessly!
You are too injured to fight recklessly!
You are too injured to fight recklessly!
You are too injured to fight recklessly!
You are too injured to fight recklessly!
You are too injured to fight recklessly!
You are too injured to fight recklessly!
The wight attacks as you move away! The wight is struck by your spines.
The wight hits you with a +4 flail.
* * * LOW HITPOINT WARNING * * *
The wight attacks as you move away!
The wight hits you with a +0 great sword!
* * * LOW HITPOINT WARNING * * *
You feel drained.
* * * LOW HITPOINT WARNING * * *
Things that are here:
7 gold pieces; a +6 battleaxe; a +0 robe The wight attacks as you move away!
The wight is struck by your spines.
You destroy the wight!
The wight attacks as you move away!
The wight hits you with a +0 great sword.
You die...
Your body crumbles into a pile of gold.

##########################
......zzz@................
...........###############
##########.# #..# ##.# ..
##. .#


You could see 3 wights.

Vanquished Creatures
  A water moccasin (D:5)
  Duvessa (D:5)
  A black bear (D:5)
  An ice beast (D:5)
  An ogre (D:5)
  2 scorpions
  A necrophage (D:4)
  2 wights (D:6)
  Dowan (D:5)
  2 jellies (D:4)
  An orc priest (D:5)
  2 hounds
  Jessica (D:3)
  2 iguanas (D:5)
  2 orc wizards (D:5)
  Terence (D:3)
  2 adders (D:4)
  2 ufetubi
  2 dart slugs
  11 orcs
  7 endoplasms
  3 giant cockroaches
  9 goblins
  8 hobgoblins
  5 quokkas
  6 ball pythons
  3 bats
  3 frilled lizards
  4 kobolds
  4 rats
91 creatures vanquished.

Notes
Turn   | Place    | Note
-------+----------+-------------------------------------------
     0 | D:1      | GorkyZ the Demonspawn Gladiator began the quest for the
                  | Orb.
     0 | D:1      | Reached XP level 1. HP: 16/16 MP: 1/1
   234 | D:1      | Gained mutation: You sometimes gain a little power by
                  | taking damage. [demonic ancestry]
   234 | D:1      | Reached XP level 2. HP: 15/22 MP: 2/2
   884 | D:1      | Reached XP level 3. HP: 27/27 MP: 3/3
  1180 | D:2      | Reached skill level 1 in Evocations
  1368 | D:2      | Found a faded altar of an unknown god.
  1527 | D:3      | Found Digriv's Book Shop.
  1575 | D:3      | Found Qatib's Distillery.
  1575 | D:3      | Noticed a scorpion
  1590 | D:3      | Killed a scorpion
  1591 | D:3      | Reached skill level 1 in Armour
  1591 | D:3      | Reached skill level 1 in Shields
  1591 | D:3      | Gained mutation: You are partially covered in sharp spines.
                  | [demonic ancestry]
  1591 | D:3      | Reached XP level 4. HP: 23/34 MP: 4/4
  1696 | D:3      | Noticed Terence
  1701 | D:3      | Killed Terence
  1796 | D:3      | Found Satwayl's General Store.
  1808 | D:3      | Bought a +0 chain mail for 54 gold pieces
  1808 | D:3      | Bought a scroll of identify for 24 gold pieces
  1831 | D:3      | Noticed Jessica
  1842 | D:3      | Killed Jessica
  1843 | D:3      | Gained mutation: You are mostly covered in sharp spines.
                  | [demonic ancestry]
  1843 | D:3      | Reached XP level 5. HP: 39/39 MP: 5/5
  1856 | D:3      | Found Heke Buh's Weapon Boutique.
  1890 | D:3      | Found Ecud's Jewellery Shop.
  2597 | D:4      | Gained mutation: You are partially covered in yellow
                  | scales. (AC +2) [demonic ancestry]
  2597 | D:4      | Reached XP level 6. HP: 47/47 MP: 6/6
  2663 | D:4      | You fall into a shaft and drop 1 floor!
  2663 | D:5      | Entered Level 5 of the Dungeon
  2679 | D:5      | Found an iron altar of Okawaru.
  3011 | D:5      | Reached XP level 7. HP: 46/52 MP: 7/7
  3167 | D:5      | Found Ireskoa's Self-Improvement Boutique.
  3628 | D:5      | Reached skill level 1 in Maces & Flails
  3631 | D:5      | Noticed Dowan
  3633 | D:5      | Noticed Duvessa
  3642 | D:5      | Killed Duvessa
  3658 | D:5      | Killed Dowan
  3659 | D:5      | Reached XP level 8. HP: 60/60 MP: 8/8
  4462 | D:4      | Found a staircase to the Ecumenical Temple.
  4560 | Temple   | Entered the Ecumenical Temple
  4656 | Temple   | Became a worshipper of Gozag Ym Sagoz the Greedy
  4894 | D:6      | Slain by a wight

Illustrated notes

Levels and vault maps discovered:
D:1:      lemuel_arrival_tunnels, layout_basic
D:2:      layout_rooms, ebering_ecumenical_altar_abandoned
D:3:      layout_loops_ring, serial_shops, shop_fountains,
          nicolae_shop_hallway_plus, shop, shop_statue, shop, uniq_jessica,
          uniq_terence
D:4:      layout_basic, minmay_temple_entry_purple_smoke
D:5:      layout_loops_ring, okawaru_trees_2, nicolae_shop_self_help,
          uniq_duvessa
D:6:      layout_basic
Temple:   compressed_dpeg_triangle_lava_temple

Skill      XL: |  1  2  3  4  5  6  7 |
---------------+----------------------+-----
Throwing       | 2 3 |  3.9
Axes           | 3 4 |  4.0
Evocations     | 1 2 3 |  3.8
Armour         | 1 2 3 |  3.3
Shields        | 1 2 3 |  3.4
Fighting       | 3 4 |  4.3
Maces & Flails | 1 |  1.9
Dodging        | |  2.6

Action                   |  1- 3 |  4- 6 |  7- 9 || total
-------------------------+-------+-------+-------++-------
Melee: War axe           |    99 |    55 |     9 ||   163
       Punch             |     2 |       |     2 ||     4
       Whip              |       |       |    52 ||    52
       Unarmed           |       |       |     7 ||     7
Throw: Throwing net      |       |     1 |     1 ||     2
  Use: Scroll            |       |     7 |       ||     7
Armor: Leather armour    |     3 |       |       ||     3
       Ring mail         |    32 |     2 |       ||    34
       Chain mail        |       |    32 |    27 ||    59
       Skin              |       |       |     1 ||     1
Dodge: Dodged            |    69 |    29 |    28 ||   126
